 Dungeon Crawl Stone Soup version 0.29.0-4-gdea44cf6ec (webtiles) character file.

Game seed: 5973673363055248467

15693 qw the Grappler (level 12, -2/114 HPs)
             Began as a Troll Cinder Acolyte on Sept 1, 2022.
             Was a Follower of Okawaru.
             Slain by a 13-headed hydra (10 damage)
             ... on level 2 of the Lair of Beasts.
             The game lasted 00:05:50 (9460 turns).

qw the Grappler (Troll Cinder Acolyte)              Turns: 9460, Time: 00:05:50

Health: -2/114     AC:  9    Str: 29    XL:     12   Next: 3%
Magic:  9/12       EV:  9    Int: 10    God:    Okawaru [*.....]
Gold:   249        SH: 11    Dex:  5    Spells: 13/13 levels left

rFire   . . .      SeeInvis +     - Unarmed
rCold   . . .      Faith    .   b - +0 kite shield
rNeg    . . .      Spirit   .   r - +2 robe {Will+}
rPois   .          Reflect  .   (helmet restricted)
rElec   .          Harm     .   j - +2 cloak
rCorr   .          Rampage  .   (gloves unavailable)
Will    ++...                   (boots unavailable)
Stlth   ++........              (no amulet)
HPRegen 1.09/turn               q - ring of see invisible
MPRegen 0.13/turn               c - ring of willpower

@: heroic, fire susceptible
A: large, unfitting armour, claws 3, regeneration 1, shaggy fur 1, tough skin 1
a: Renounce Religion, Heroism


You were on level 2 of the Lair of Beasts.
You worshipped Okawaru.
Okawaru was aware of your devotion.
You visited 2 branches of the dungeon, and saw 12 of its levels.
You also visited: Ossuary.

You collected 579 gold pieces.
You spent 330 gold pieces at shops.


Innate Abilities, Weirdness & Mutations

You are too large for most types of armour.
You have claws for hands.
Your natural rate of healing is unusually fast.
You are covered in fur. (AC +1)
You have tough skin. (AC +1)


   Skills:
 - Level 6.0(11.0) Fighting
 - Level 1.3(6.3) Throwing
 - Level 1.2(6.2) Armour
 - Level 1.1(6.1) Dodging
 - Level 10.0(15.0) Shields
 + Level 14.7(19.7) Unarmed Combat
 - Level 1.0 Spellcasting
 - Level 2.1 Fire Magic
 + Level 2.0 Invocations


You had 13 spell levels left.
You didn't know any spells.
Your spell library contained the following spells:

 Spells                   Type           Power      Damage    Failure   Level
 Scorch                   Fire           8%         2d5       32%         2

Inventory:

Missiles
 g - 4 boomerangs (quivered)
Armour
 b - a +0 kite shield (worn)
 j - a +2 cloak (worn)
 r - a +2 robe of willpower (worn)
 s - +0 steam dragon scales
Jewellery
 a - a ring of ice
 c - a ring of willpower (right claw)
 k - a ring of fire
 o - a ring of positive energy
 q - a ring of see invisible (left claw)
 u - a ring of magical power
Scrolls
 f - a scroll of identify
 i - a scroll of enchant weapon
 p - 2 scrolls of enchant armour
 v - a scroll of acquirement {unknown}
Potions
 d - a potion of resistance
 e - 3 potions of might
 h - 6 potions of mutation
 l - a potion of haste
 m - a potion of berserk rage {unknown}
 n - 9 potions of curing
 t - a potion of magic

Dungeon Overview and Level Annotations

Branches:
Dungeon (10/15)            Temple (0/1) D:7            Lair (2/5) D:8
Ossuary (visited)
  Swamp: Lair:2-3    Shoals: Lair:2-3     Snake: Lair:2-3    Spider: Lair:2-3
    Orc: D:9-12

Altars:
Okawaru
Wu Jian
Zin

Shops:
D:6 !:


Message History

The nine-headed hydra is heavily wounded.
You block the nine-headed hydra's attack.
The nine-headed hydra bites you but does no damage.
You block the nine-headed hydra's attack.
The nine-headed hydra bites you but does no damage.
The nine-headed hydra bites you.
The nine-headed hydra barely misses you.
The nine-headed hydra closely misses you.
The nine-headed hydra barely misses you.
You block the nine-headed hydra's attack.
You tear one of the nine-headed hydra's heads off!
The eight-headed hydra grows two more!
You eviscerate the ten-headed hydra!!!
The ten-headed hydra is almost dead.
You block the ten-headed hydra's attack.
The ten-headed hydra bites you but does no damage. x2
The ten-headed hydra bites you!
You block the ten-headed hydra's attack.
The ten-headed hydra bites you!
The ten-headed hydra bites you but does no damage.
You block the ten-headed hydra's attack.
The ten-headed hydra bites you but does no damage.
The ten-headed hydra bites you!
You claw one of the ten-headed hydra's heads off!
The nine-headed hydra grows two more!
You scratch the 11-headed hydra.
The 11-headed hydra is severely wounded.
You tear one of the 11-headed hydra's heads off!
The ten-headed hydra grows two more!
You claw the 12-headed hydra!
The 12-headed hydra is severely wounded.
You block the 12-headed hydra's attack. The 12-headed hydra bites you!
You block the 12-headed hydra's attack. The 12-headed hydra bites you.
The 12-headed hydra bites you but does no damage.
The 12-headed hydra closely misses you. x2
The 12-headed hydra bites you but does no damage. x4
The 12-headed hydra bites you.
You rip one of the 12-headed hydra's heads off!
The 11-headed hydra grows two more!
You mangle the 13-headed hydra!!
The 13-headed hydra is almost dead.
The 13-headed hydra barely misses you. You block the 13-headed hydra's attack.
The 13-headed hydra closely misses you. The 13-headed hydra bites you! x2
You die...

### ##.## 777.###.#.#
7777.7........
77.7~....#.....
77..~~....#.....
7...~~~7........
7..~~~~7........
777¤7~~~~7........
7@¤¤7~~~~7..#.....
7.~~.D.¤¤7~~~~7....#..#
777~..77777~~~7....#..#
7777777.77777....#.##
..7.7...7.....P.#..#
..#...........#.....
................#.##
.................#.
#...........#.....


You could see a 13-headed hydra.

Vanquished Creatures
  Josephine (D:10)
  A hydra (Lair:2)
  A catoblepas (Lair:2)
  An oklob plant (Lair:1)
  Pikel (D:6)
  A black mamba (Lair:1)
  4 cane toads
  4 komodo dragons
  2 rime drakes
  9 polar bears
  A hornet (D:6)
  10 yaks
  A steam dragon (D:8)
  2 wraiths (D:10)
  2 basilisks (Lair:1)
  3 vampire mosquitoes (D:10)
  2 swamp worms (Lair:2)
  4 water moccasins
  An acid dragon (D:8)
  5 black bears
  An ice beast (D:7)
  An orc warrior (D:9)
  2 phantoms
  3 centaurs
  3 lemures (D:6)
  A kobold brigand (D:7)
  6 bullfrogs
  8 scorpions
  3 necrophages
  5 water moccasin zombies (Ossuary)
  A gnoll sergeant (D:7)
  14 wights
  6 killer bees
  5 howler monkeys
  7 hounds
  A jelly (D:7)
  Crazy Yiuf (D:6)
  A gnoll bouda (D:7)
  2 orc priests
  5 iguanas
  7 orc wizards
  2 mummies (Ossuary)
  9 gnolls (D:7)
  9 adders
  A white imp (D:5)
  2 ufetubi
  5 adder zombies (Ossuary)
  24 orcs
  10 ball pythons
  6 bats
  12 endoplasms
  3 giant cockroaches
  10 goblins
  2 hobgoblins
  12 jackals
  20 kobolds
  6 quokkas
  4 frilled lizards
  5 gnoll zombies (Ossuary)
  7 hobgoblin zombies (Ossuary)
  3 kobold zombies (Ossuary)
  6 orc zombies (Ossuary)
  3 rats
  A rat zombie (D:4)
301 creatures vanquished.

Vanquished Creatures (others)
  15 fungi
  3 plants (Lair:1)
18 creatures vanquished.

Grand Total: 319 creatures vanquished

Notes
Turn   | Place    | Note
-------+----------+-------------------------------------------
     0 | D:1      | qw the Troll Cinder Acolyte began the quest for the Orb.
     0 | D:1      | Reached XP level 1. HP: 22/22 MP: 1/1
     0 | D:1      | 0 ||| qw: Version: 0.1-a-97-g2dd2ca4
     0 | D:1      | 0 ||| qw: Game counter: 4739
     0 | D:1      | 0 ||| qw: Always use a shield: true
     0 | D:1      | 0 ||| qw: God list: Okawaru
     0 | D:1      | 0 ||| qw: Allow faded altars: false
     0 | D:1      | 0 ||| qw: Do Orc after D:15 true
     0 | D:1      | 0 ||| qw: Do second Lair branch before Depths: true
     0 | D:1      | 0 ||| qw: Lair rune preference: random
     0 | D:1      | 0 ||| qw: Plans: Normal
     0 | D:1      | 0 ||| PLANNING D:1-11
   118 | D:1      | 118 ||| Stepping ~*~*~tactically~*~*~ (outnumbered).
   119 | D:1      | 119 ||| Stepping ~*~*~tactically~*~*~ (outnumbered).
   120 | D:1      | 120 ||| Stepping ~*~*~tactically~*~*~ (outnumbered).
   121 | D:1      | 121 ||| Stepping ~*~*~tactically~*~*~ (outnumbered).
   122 | D:1      | 122 ||| Stepping ~*~*~tactically~*~*~ (outnumbered).
   123 | D:1      | 123 ||| Stepping ~*~*~tactically~*~*~ (outnumbered).
   124 | D:1      | 124 ||| Stepping ~*~*~tactically~*~*~ (outnumbered).
   125 | D:1      | 125 ||| Stepping ~*~*~tactically~*~*~ (outnumbered).
   126 | D:1      | 126 ||| Stepping ~*~*~tactically~*~*~ (outnumbered).
   132 | D:1      | Reached XP level 2. HP: 25/29 MP: 2/2
   194 | D:1      | 194 ||| Stepping ~*~*~tactically~*~*~ (stealth).
   198 | D:1      | 198 ||| Stepping ~*~*~tactically~*~*~ (stealth).
   372 | D:1      | 372 ||| Stepping ~*~*~tactically~*~*~ (stealth).
   380 | D:1      | Reached skill level 4 in Unarmed Combat
   661 | D:1      | 661 ||| UPGRADING to ring of positive energy.
   662 | D:1      | 662 ||| READING 3 scrolls labelled PEBYIS YVVA.
   663 | D:1      | 663 ||| READING scroll labelled CINEAT AGIE.
   664 | D:1      | 664 ||| READING scroll labelled XUIGIHUITH.
   665 | D:1      | 665 ||| READING 2 scrolls of identify.
   665 | D:1      | 665 ||| IDENTIFYING lumpy white potion
   722 | D:2      | Found a faded altar of an unknown god.
   724 | D:2      | 724 ||| STAIRDANCE
   730 | D:2      | 730 ||| STAIRDANCE
   752 | D:2      | Reached XP level 3. HP: 36/36 MP: 3/3
  1143 | D:2      | Reached XP level 4. HP: 44/44 MP: 4/4
  1184 | D:2      | Identified the +6 great sword of the King {vorpal, Will+}
  1252 | D:2      | 1252 ||| Stepping ~*~*~tactically~*~*~ (stealth).
  1255 | D:2      | Reached skill level 5 in Unarmed Combat
  1266 | D:2      | 1266 ||| INVOKING Fiery Armour.
  1351 | D:2      | 1351 ||| Stepping ~*~*~tactically~*~*~ (stealth).
  1367 | D:2      | 1367 ||| Stepping ~*~*~tactically~*~*~ (stealth).
  1417 | D:2      | 1417 ||| DROPPING amulet of magic regeneration.
  1418 | D:2      | 1418 ||| READING scroll labelled XAIM OLUODIHE.
  1419 | D:2      | 1419 ||| READING 2 scrolls of identify.
  1419 | D:2      | 1419 ||| IDENTIFYING glowing coppery potion
  1521 | D:3      | 1521 ||| Stepping ~*~*~tactically~*~*~ (outnumbered).
  1571 | D:3      | 1571 ||| Stepping ~*~*~tactically~*~*~ (stealth).
  1657 | D:3      | Found a glowing silver altar of Zin.
  2078 | D:3      | 2078 ||| Stepping ~*~*~tactically~*~*~ (outnumbered).
  2083 | D:3      | 2083 ||| DRINKING potion of curing.
  2083 | D:3      | 2083 ||| (to cure confusion)
  2099 | D:3      | Reached XP level 5. HP: 30/50 MP: 5/5
  2127 | D:3      | 2127 ||| UPGRADING to ring of willpower.
  2128 | D:3      | 2128 ||| READING scroll labelled ITON JOFUGOHO.
  2129 | D:3      | 2129 ||| READING scroll labelled JOFAMA KUNTIVE.
  2130 | D:3      | 2130 ||| READING scroll labelled DUEWKA HOZISI.
  2131 | D:3      | 2131 ||| READING 2 scrolls of identify.
  2131 | D:3      | 2131 ||| IDENTIFYING purple potion
  2158 | D:4      | 2158 ||| PLANNING OSSUARY
  2182 | D:4      | 2182 ||| Stepping ~*~*~tactically~*~*~ (hiding).
  2185 | D:4      | 2185 ||| Stepping ~*~*~tactically~*~*~ (hiding).
  2290 | D:4      | Found a sand-covered staircase.
  2296 | Ossuary  | Entered an ossuary
  2315 | Ossuary  | 2315 ||| INVOKING Fiery Armour.
  2324 | Ossuary  | Reached skill level 6 in Unarmed Combat
  2387 | Ossuary  | Reached XP level 6. HP: 59/59 MP: 6/6
  2400 | Ossuary  | Reached skill level 7 in Unarmed Combat
  2401 | Ossuary  | 2401 ||| Stepping ~*~*~tactically~*~*~ (stealth).
  2419 | Ossuary  | 2419 ||| INVOKING Fiery Armour.
  2493 | Ossuary  | 2493 ||| READING scroll labelled TOTIOGYWEI.
  2497 | Ossuary  | 2497 ||| READING scroll labelled LIMOLA TAERAR.
  2498 | Ossuary  | 2498 ||| DRINKING 2 fuming black potions.
  2534 | Ossuary  | 2534 ||| DRINKING 2 lumpy silvery potions.
  2535 | Ossuary  | 2535 ||| READING 2 scrolls of identify.
  2535 | Ossuary  | 2535 ||| IDENTIFYING bubbling golden potion
  2536 | Ossuary  | 2536 ||| DROPPING potion of invisibility.
  2537 | Ossuary  | 2537 ||| DROPPING potion of lignification.
  2538 | Ossuary  | 2538 ||| DROPPING potion of magic.
  2550 | D:4      | 2550 ||| PLANNING D:1-11
  2608 | D:4      | 2608 ||| Stepping ~*~*~tactically~*~*~ (stealth).
  2621 | D:4      | Reached skill level 8 in Unarmed Combat
  2621 | D:4      | Reached XP level 7. HP: 56/66 MP: 7/7
  2621 | D:4      | 2621 ||| Stepping ~*~*~tactically~*~*~ (outnumbered).
  2625 | D:4      | 2625 ||| FLEEEEING.
  2651 | D:4      | 2651 ||| Stepping ~*~*~tactically~*~*~ (stealth).
  2713 | D:4      | Reached skill level 3 in Fighting
  2724 | D:4      | 2724 ||| Stepping ~*~*~tactically~*~*~ (outnumbered).
  2800 | D:4      | 2800 ||| INVOKING Fiery Armour.
  2803 | D:4      | 2803 ||| Stepping ~*~*~tactically~*~*~ (outnumbered).
  2804 | D:4      | 2804 ||| Stepping ~*~*~tactically~*~*~ (hiding).
  2805 | D:4      | 2805 ||| Stepping ~*~*~tactically~*~*~ (hiding).
  2860 | D:4      | 2860 ||| Stepping ~*~*~tactically~*~*~ (stealth).
  2862 | D:4      | 2862 ||| Stepping ~*~*~tactically~*~*~ (hiding).
  2985 | D:4      | 2985 ||| Stepping ~*~*~tactically~*~*~ (stealth).
  2991 | D:4      | 2991 ||| Stepping ~*~*~tactically~*~*~ (outnumbered).
  2992 | D:4      | 2992 ||| Stepping ~*~*~tactically~*~*~ (outnumbered).
  2993 | D:4      | 2993 ||| Stepping ~*~*~tactically~*~*~ (outnumbered).
  3414 | D:4      | 3414 ||| READING scroll labelled YRPHOS HAGUSUXA.
  3415 | D:4      | 3415 ||| READING scroll labelled NIKULE RAES.
  3431 | D:4      | Reached skill level 9 in Unarmed Combat
  3454 | D:5      | Entered Level 5 of the Dungeon
  3480 | D:5      | Reached skill level 1 in Throwing
  3541 | D:5      | 3541 ||| Stepping ~*~*~tactically~*~*~ (hiding).
  3548 | D:5      | 3548 ||| FLEEEEING.
  3549 | D:5      | 3549 ||| FLEEEEING.
  3550 | D:5      | 3550 ||| FLEEEEING.
  3551 | D:5      | 3551 ||| FLEEEEING.
  3552 | D:5      | 3552 ||| FLEEEEING.
  3553 | D:5      | 3553 ||| FLEEEEING.
  3554 | D:5      | 3554 ||| FLEEEEING.
  3555 | D:5      | 3555 ||| FLEEEEING.
  3556 | D:5      | 3556 ||| FLEEEEING.
  3557 | D:5      | 3557 ||| STAIRDANCE
  3569 | D:5      | 3569 ||| STAIRDANCE
  3581 | D:5      | Reached skill level 1 in Dodging
  3609 | D:5      | 3609 ||| Stepping ~*~*~tactically~*~*~ (stealth).
  3613 | D:5      | 3613 ||| Stepping ~*~*~tactically~*~*~ (stealth).
  3615 | D:5      | 3615 ||| Stepping ~*~*~tactically~*~*~ (stealth).
  3618 | D:5      | Reached XP level 8. HP: 73/75 MP: 8/8
  3988 | D:5      | 3988 ||| Stepping ~*~*~tactically~*~*~ (stealth).
  3990 | D:5      | 3990 ||| Stepping ~*~*~tactically~*~*~ (hiding).
  4186 | D:5      | 4186 ||| READING scroll labelled MEKAKL WECWIO.
  4187 | D:5      | 4187 ||| READING scroll labelled IXTUSOCITY.
  4288 | D:5      | 4288 ||| DRINKING 2 viscous grey potions.
  4289 | D:5      | 4289 ||| READING 2 scrolls of identify.
  4289 | D:5      | 4289 ||| IDENTIFYING black potion
  4290 | D:5      | 4290 ||| DROPPING potion of brilliance.
  4341 | D:6      | Identified the +4 dagger of Destruction {vorpal, *Rage
                  | rPois Str-2 Dex+8}
  4349 | D:6      | 4349 ||| Stepping ~*~*~tactically~*~*~ (stealth).
  4366 | D:6      | Noticed a hornet
  4372 | D:6      | 4372 ||| FLEEEEING.
  4373 | D:6      | 4373 ||| FLEEEEING.
  4376 | D:6      | 4376 ||| FLEEEEING.
  4377 | D:6      | 4377 ||| FLEEEEING.
  4378 | D:6      | 4378 ||| FLEEEEING.
  4379 | D:6      | 4379 ||| FLEEEEING.
  4412 | D:6      | Found Nex Tye's Distillery.
  4421 | D:6      | 4421 ||| BUYING potion of curing (33 gold).
  4421 | D:6      | Bought a potion of curing for 33 gold pieces
  4421 | D:6      | 4421 ||| BUYING potion of curing (33 gold).
  4421 | D:6      | Bought a potion of curing for 33 gold pieces
  4421 | D:6      | 4421 ||| BUYING potion of curing (33 gold).
  4421 | D:6      | Bought a potion of curing for 33 gold pieces
  4421 | D:6      | 4421 ||| BUYING potion of curing (33 gold).
  4421 | D:6      | Bought a potion of curing for 33 gold pieces
  4421 | D:6      | 4421 ||| BUYING potion of haste (110 gold).
  4421 | D:6      | Bought a potion of haste for 110 gold pieces
  4421 | D:6      | 4421 ||| BUYING potion of mutation (88 gold).
  4421 | D:6      | Bought a potion of mutation for 88 gold pieces
  4422 | D:6      | 4422 ||| Stepping ~*~*~tactically~*~*~ (stealth).
  4429 | D:6      | Paralysed by a hornet for 3 turns
  4431 | D:6      | HP: 10/75 [hornet (11)]
  4431 | D:6      | HP: 3/75 [hornet (7)]
  4432 | D:6      | 4432 ||| READING scroll of teleportation.
  4433 | D:6      | 4433 ||| DRINKING potion of heal wounds.
  4434 | D:6      | 4434 ||| INVOKING Fiery Armour.
  4474 | D:6      | HP: 16/75 [hornet (9)]
  4474 | D:6      | Killed a hornet
  4475 | D:6      | Reached skill level 10 in Unarmed Combat
  4479 | D:6      | HP: 14/75 [poisoned by a hornet]
  4549 | D:6      | 4549 ||| Stepping ~*~*~tactically~*~*~ (hiding).
  4550 | D:6      | 4550 ||| Stepping ~*~*~tactically~*~*~ (hiding).
  4589 | D:6      | 4589 ||| Stepping ~*~*~tactically~*~*~ (stealth).
  4592 | D:6      | 4592 ||| Stepping ~*~*~tactically~*~*~ (stealth).
  4599 | D:6      | 4599 ||| Stepping ~*~*~tactically~*~*~ (stealth).
  4601 | D:6      | 4601 ||| Stepping ~*~*~tactically~*~*~ (hiding).
  4603 | D:6      | 4603 ||| Stepping ~*~*~tactically~*~*~ (hiding).
  4607 | D:6      | 4607 ||| Stepping ~*~*~tactically~*~*~ (hiding).
  4715 | D:6      | Found Liddydiw's Book Boutique.
  4788 | D:6      | Noticed Pikel
  4789 | D:6      | 4789 ||| Stepping ~*~*~tactically~*~*~ (stealth).
  4791 | D:6      | 4791 ||| INVOKING Fiery Armour.
  4801 | D:6      | 4801 ||| Stepping ~*~*~tactically~*~*~ (outnumbered).
  4802 | D:6      | 4802 ||| Stepping ~*~*~tactically~*~*~ (outnumbered).
  4803 | D:6      | 4803 ||| Stepping ~*~*~tactically~*~*~ (outnumbered).
  4804 | D:6      | 4804 ||| Stepping ~*~*~tactically~*~*~ (outnumbered).
  4805 | D:6      | 4805 ||| Stepping ~*~*~tactically~*~*~ (outnumbered).
  4806 | D:6      | 4806 ||| Stepping ~*~*~tactically~*~*~ (outnumbered).
  4808 | D:6      | 4808 ||| Stepping ~*~*~tactically~*~*~ (outnumbered).
  4809 | D:6      | 4809 ||| Stepping ~*~*~tactically~*~*~ (outnumbered).
  4814 | D:6      | 4814 ||| Stepping ~*~*~tactically~*~*~ (outnumbered).
  4816 | D:6      | 4816 ||| Stepping ~*~*~tactically~*~*~ (outnumbered).
  4817 | D:6      | 4817 ||| Stepping ~*~*~tactically~*~*~ (outnumbered).
  4818 | D:6      | 4818 ||| Stepping ~*~*~tactically~*~*~ (outnumbered).
  4819 | D:6      | 4819 ||| Stepping ~*~*~tactically~*~*~ (outnumbered).
  4820 | D:6      | 4820 ||| Stepping ~*~*~tactically~*~*~ (outnumbered).
  4821 | D:6      | 4821 ||| Stepping ~*~*~tactically~*~*~ (outnumbered).
  4822 | D:6      | 4822 ||| Stepping ~*~*~tactically~*~*~ (outnumbered).
  4823 | D:6      | 4823 ||| Stepping ~*~*~tactically~*~*~ (outnumbered).
  4824 | D:6      | 4824 ||| Stepping ~*~*~tactically~*~*~ (outnumbered).
  4825 | D:6      | 4825 ||| Stepping ~*~*~tactically~*~*~ (outnumbered).
  4826 | D:6      | 4826 ||| Stepping ~*~*~tactically~*~*~ (outnumbered).
  4827 | D:6      | 4827 ||| Stepping ~*~*~tactically~*~*~ (outnumbered).
  4828 | D:6      | 4828 ||| Stepping ~*~*~tactically~*~*~ (outnumbered).
  4831 | D:6      | 4831 ||| Stepping ~*~*~tactically~*~*~ (outnumbered).
  4836 | D:6      | Killed Pikel
  4837 | D:6      | Reached skill level 11 in Unarmed Combat
  4837 | D:6      | Reached XP level 9. HP: 33/84 MP: 9/9
  5224 | D:6      | Found a runed translucent door.
  5225 | D:6      | Noticed Crazy Yiuf
  5228 | D:6      | 5228 ||| Stepping randomly (stuck).
  5233 | D:6      | Killed Crazy Yiuf
  5259 | D:6      | 5259 ||| UPGRADING to +2 cloak.
  5358 | D:7      | Reached skill level 12 in Unarmed Combat
  5364 | D:7      | Found a staircase to the Ecumenical Temple.
  5365 | D:7      | 5365 ||| Stepping ~*~*~tactically~*~*~ (stealth).
  5366 | D:7      | 5366 ||| Stepping ~*~*~tactically~*~*~ (stealth).
  5718 | D:7      | 5718 ||| Stepping ~*~*~tactically~*~*~ (stealth).
  5731 | D:7      | 5731 ||| INVOKING Fiery Armour.
  5813 | D:7      | You fall into a shaft and drop 3 floors!
  5813 | D:10     | Entered Level 10 of the Dungeon
  5864 | D:10     | 5864 ||| INVOKING Fiery Armour.
  5869 | D:10     | HP: 19/88 [vampire mosquito (9)]
  5941 | D:10     | 5941 ||| UPGRADING to +2 robe of willpower.
  5954 | D:10     | 5954 ||| Stepping ~*~*~tactically~*~*~ (stealth).
  5958 | D:10     | Reached skill level 13 in Unarmed Combat
  5958 | D:10     | 5958 ||| DROPPING +0 robe.
  5959 | D:10     | 5959 ||| UPGRADING to ring of see invisible.
  5963 | D:10     | 5963 ||| Stepping ~*~*~tactically~*~*~ (stealth).
  5967 | D:10     | Reached skill level 1 in Armour
  5969 | D:10     | Reached XP level 10. HP: 96/96 MP: 10/10
  5970 | D:10     | Noticed Josephine
  5975 | D:10     | Killed Josephine
  5982 | D:10     | 5982 ||| Stepping ~*~*~tactically~*~*~ (outnumbered).
  5983 | D:10     | 5983 ||| Stepping ~*~*~tactically~*~*~ (outnumbered).
  5984 | D:10     | Reached skill level 14 in Unarmed Combat
  5988 | D:10     | 5988 ||| INVOKING Fiery Armour.
  6013 | D:10     | 6013 ||| Stepping ~*~*~tactically~*~*~ (stealth).
  6038 | D:10     | 6038 ||| Stepping ~*~*~tactically~*~*~ (stealth).
  6064 | D:10     | 6064 ||| READING scroll labelled QANEDWY KAUBURPH.
  6065 | D:10     | 6065 ||| DRINKING 2 lumpy purple potions.
  6066 | D:10     | 6066 ||| READING 2 scrolls of identify.
  6066 | D:10     | 6066 ||| IDENTIFYING sedimented orange potion
  6067 | D:10     | 6067 ||| DROPPING potion of attraction.
  6080 | D:9      | 6080 ||| Stepping ~*~*~tactically~*~*~ (stealth).
  6098 | D:9      | 6098 ||| Stepping randomly (stuck).
  6099 | D:9      | 6099 ||| Stepping randomly (stuck).
  6100 | D:9      | 6100 ||| Stepping randomly (stuck).
  6101 | D:9      | 6101 ||| Stepping randomly (stuck).
  6102 | D:9      | 6102 ||| Stepping randomly (stuck).
  6103 | D:9      | 6103 ||| Stepping randomly (stuck).
  6109 | D:9      | 6109 ||| Stepping randomly (stuck).
  6110 | D:9      | 6110 ||| Stepping randomly (stuck).
  6111 | D:9      | 6111 ||| Stepping randomly (stuck).
  6112 | D:9      | 6112 ||| Stepping randomly (stuck).
  6113 | D:9      | 6113 ||| Stepping randomly (stuck).
  6114 | D:9      | 6114 ||| Stepping randomly (stuck).
  6125 | D:9      | Reached skill level 6 in Fighting
  6130 | D:9      | 6130 ||| Stepping ~*~*~tactically~*~*~ (hiding).
  6131 | D:9      | 6131 ||| Stepping ~*~*~tactically~*~*~ (hiding).
  6145 | D:9      | 6145 ||| Stepping ~*~*~tactically~*~*~ (stealth).
  6149 | D:9      | 6149 ||| Stepping ~*~*~tactically~*~*~ (hiding).
  6405 | D:7      | 6405 ||| Stepping ~*~*~tactically~*~*~ (hiding).
  6411 | D:7      | 6411 ||| Stepping ~*~*~tactically~*~*~ (hiding).
  6413 | D:7      | 6413 ||| Stepping ~*~*~tactically~*~*~ (outnumbered).
  6771 | D:7      | 6771 ||| Stepping ~*~*~tactically~*~*~ (hiding).
  6783 | D:7      | 6783 ||| Stepping ~*~*~tactically~*~*~ (hiding).
  6787 | D:7      | 6787 ||| Stepping ~*~*~tactically~*~*~ (outnumbered).
  6790 | D:7      | 6790 ||| Stepping ~*~*~tactically~*~*~ (outnumbered).
  6794 | D:7      | 6794 ||| INVOKING Fiery Armour.
  6985 | D:7      | 6985 ||| UPGRADING to +0 kite shield.
  7225 | D:8      | Found an ornate altar of the Wu Jian Council.
  7319 | D:8      | 7319 ||| FLEEEEING.
  7321 | D:8      | 7321 ||| FLEEEEING.
  7322 | D:8      | 7322 ||| FLEEEEING.
  7323 | D:8      | 7323 ||| FLEEEEING.
  7324 | D:8      | 7324 ||| FLEEEEING.
  7328 | D:8      | 7328 ||| FLEEEEING.
  7329 | D:8      | 7329 ||| FLEEEEING.
  7330 | D:8      | 7330 ||| FLEEEEING.
  7331 | D:8      | 7331 ||| FLEEEEING.
  7332 | D:8      | 7332 ||| FLEEEEING.
  7333 | D:8      | 7333 ||| FLEEEEING.
  7334 | D:8      | 7334 ||| FLEEEEING.
  7335 | D:8      | 7335 ||| Stepping ~*~*~tactically~*~*~ (hiding).
  7343 | D:8      | Reached skill level 1 in Shields
  7601 | D:8      | Found a staircase to the Lair.
  7626 | D:8      | 7626 ||| FLEEEEING.
  7687 | D:8      | 7687 ||| Stepping ~*~*~tactically~*~*~ (stealth).
  7697 | D:8      | Reached skill level 3 in Shields
  7901 | D:8      | 7901 ||| PLANNING LAIR
  7910 | Lair:1   | Entered Level 1 of the Lair of Beasts
  7965 | Lair:1   | 7965 ||| Stepping ~*~*~tactically~*~*~ (stealth).
  7974 | Lair:1   | 7974 ||| Stepping ~*~*~tactically~*~*~ (stealth).
  7978 | Lair:1   | 7978 ||| Stepping ~*~*~tactically~*~*~ (stealth).
  7997 | Lair:1   | Reached XP level 11. HP: 86/105 MP: 11/11
  8087 | Lair:1   | Identified the +0 robe "Rioboc" {Str+4}
  8203 | Lair:1   | Found an iron altar of Okawaru.
  8204 | Lair:1   | Noticed an oklob plant
  8205 | Lair:1   | 8205 ||| INVOKING Fiery Armour.
  8225 | Lair:1   | Killed an oklob plant
  8293 | Lair:1   | Reached skill level 6 in Shields
  8306 | Lair:1   | 8306 ||| Stepping ~*~*~tactically~*~*~ (stealth).
  8307 | Lair:1   | 8307 ||| Stepping ~*~*~tactically~*~*~ (stealth).
  8309 | Lair:1   | 8309 ||| Stepping ~*~*~tactically~*~*~ (hiding).
  8785 | Lair:1   | 8785 ||| DROPPING +0 robe "Rioboc" {Str+4}.
  8818 | Lair:2   | 8818 ||| INVOKING Fiery Armour.
  8819 | Lair:2   | 8819 ||| STAIRDANCE
  8821 | Lair:1   | 8821 ||| Stepping ~*~*~tactically~*~*~ (outnumbered).
  8847 | Lair:2   | 8847 ||| STAIRDANCE
  8849 | Lair:1   | 8849 ||| Stepping ~*~*~tactically~*~*~ (outnumbered).
  8882 | Lair:2   | 8882 ||| STAIRDANCE
  8884 | Lair:1   | 8884 ||| Stepping ~*~*~tactically~*~*~ (outnumbered).
  8939 | Lair:2   | 8939 ||| STAIRDANCE
  8954 | Lair:2   | 8954 ||| STAIRDANCE
  8990 | Lair:2   | 8990 ||| STAIRDANCE
  9004 | Lair:2   | Reached skill level 9 in Shields
  9004 | Lair:2   | 9004 ||| STAIRDANCE
  9023 | Lair:2   | 9023 ||| Stepping ~*~*~tactically~*~*~ (stealth).
  9025 | Lair:2   | 9025 ||| INVOKING Fiery Armour.
  9047 | Lair:2   | 9047 ||| Stepping ~*~*~tactically~*~*~ (outnumbered).
  9072 | Lair:2   | 9072 ||| PLANNING CONVERSION TO OKAWARU
  9109 | Lair:1   | Fell from the grace of Ignis
  9109 | Lair:1   | Became a worshipper of Warmaster Okawaru
  9110 | Lair:1   | 9110 ||| PLANNING LAIR
  9250 | Lair:2   | 9250 ||| Stepping ~*~*~tactically~*~*~ (stealth).
  9303 | Lair:2   | Noticed a catoblepas
  9304 | Lair:2   | 9304 ||| Stepping ~*~*~tactically~*~*~ (cloud).
  9309 | Lair:2   | 9309 ||| Stepping ~*~*~tactically~*~*~ (cloud).
  9311 | Lair:2   | 9311 ||| Stepping ~*~*~tactically~*~*~ (cloud).
  9314 | Lair:2   | Killed a catoblepas
  9314 | Lair:2   | Reached * piety under Okawaru
  9395 | Lair:2   | 9395 ||| Stepping ~*~*~tactically~*~*~ (stealth).
  9397 | Lair:2   | 9397 ||| Stepping ~*~*~tactically~*~*~ (stealth).
  9411 | Lair:2   | Noticed an eight-headed hydra
  9412 | Lair:2   | 9412 ||| Stepping ~*~*~tactically~*~*~ (stealth).
  9414 | Lair:2   | 9414 ||| Stepping ~*~*~tactically~*~*~ (stealth).
  9416 | Lair:2   | 9416 ||| Stepping ~*~*~tactically~*~*~ (stealth).
  9417 | Lair:2   | 9417 ||| Stepping ~*~*~tactically~*~*~ (stealth).
  9418 | Lair:2   | 9418 ||| Stepping ~*~*~tactically~*~*~ (stealth).
  9420 | Lair:2   | 9420 ||| INVOKING Heroism.
  9439 | Lair:2   | 9439 ||| INVOKING Heroism.
  9443 | Lair:2   | Reached skill level 1 in Invocations
  9444 | Lair:2   | Noticed a four-headed hydra
  9448 | Lair:2   | Killed a seven-headed hydra
  9449 | Lair:2   | Reached XP level 12. HP: 74/114 MP: 10/12
  9451 | Lair:2   | 9451 ||| INVOKING Heroism.
  9457 | Lair:2   | HP: 25/114 [ten-headed hydra (12)]
  9460 | Lair:2   | HP: 8/114 [13-headed hydra (8)]
  9460 | Lair:2   | Slain by a 13-headed hydra

Levels and vault maps discovered:
D:1:      amcnicky_arrival_single_pillar, layout_basic, minmay_3d_cube
D:2:      layout_basic, ebering_ecumenical_altar_sacrificial
D:3:      layout_basic, mainiacjoe_overflow_chevrons
D:4:      layout_loops_ring, enter_ossuary_3, kennysheep_generic_room_8
D:5:      layout_basic
D:6:      layout_cave_pools, serial_shops, shop, nicolae_shop_crystal,
          minmay_misc_feat_roman, uniq_crazy_yiuf_cottage, uniq_pikel
D:7:      old_forge, layout_basic, minmay_temple_entry_purple_smoke
D:8:      layout_loops_corners, mainiacjoe_overflow_alcove_4, lair_entry_dummy
D:9:      layout_stronghold, mainiacjoe_overflow_catwalk_spiral, enter_bailey_2,
          due_unseen_surprise, uniq_maurice
D:10:     layout_irregular_city, minmay_holes, kennysheep_big_empty_room,
          uniq_josephine
Lair:1:   layout_regular_city, lemuel_oklob_altar
Lair:2:   beast_lair_carwin_large_4, layout_long_grid, palyth_hydra_swamp_entry,
          minmay_snake_entry_guardpost_medium, minivault_27

Skill      XL: |  1  2  3  4  5  6  7  8  9 10 11 12 |
---------------+-------------------------------------+-----
Unarmed Combat | 4 5 6 8 9 11 13 14 | 14.7
Fighting       | 3 4 5 6 |  6.0
Throwing       | 1 |  1.3
Dodging        | 1 |  1.1
Armour         | 1 |  1.2
Shields        | 5 10 | 10.0
Invocations    | 1 2 |  2.0
Spellcasting   | |  1.0
Fire Magic     | |  2.1

Action                   |  1- 3 |  4- 6 |  7- 9 | 10-12 || total
-------------------------+-------+-------+-------+-------++-------
Melee: Unarmed           |   114 |   170 |   249 |   291 ||   824
       Punch             |     2 |     2 |     8 |     5 ||    17
Throw: Boomerang         |       |       |    75 |    34 ||   109
Invok: Fiery Armour      |       |     3 |     5 |     5 ||    13
       Heroism           |       |       |       |     3 ||     3
  Use: Scroll            |     4 |     9 |     6 |     2 ||    21
       Potion            |       |     3 |     2 |     1 ||     6
 Stab: Held in net/web   |       |       |       |     1 ||     1
Armor: Robe              |    32 |    60 |    82 |   142 ||   316
Dodge: Dodged            |    53 |    49 |   127 |   117 ||   346
Block: Kite shield       |       |       |       |    79 ||    79

Table legend:
 A = Non-vault XP
 B = Vault XP
 C = Vault XP percentage of total XP
 D = Non-vault monster count
 E = Vault monster count
 F = Vault count percentage of total count
                 A         B        C        D         E       F
            +---------+---------+-------+---------+---------+-------
      Total |   13932 |    8487 |  37.9 |     225 |      73 |  24.5
            +---------+---------+-------+---------+---------+-------
        D:1 |      32 |       5 |  13.5 |      21 |       4 |  16.0
        D:2 |      94 |       0 |   0.0 |      25 |       0 |   0.0
        D:3 |      69 |       0 |   0.0 |      18 |       0 |   0.0
        D:4 |     364 |     201 |  35.6 |      31 |       3 |   8.8
        D:5 |     487 |       0 |   0.0 |      19 |       0 |   0.0
        D:6 |     851 |     634 |  42.7 |      15 |       2 |  11.8
        D:7 |    1423 |     277 |  16.3 |      34 |       8 |  19.0
        D:8 |    1724 |       0 |   0.0 |      15 |       0 |   0.0
        D:9 |     433 |       0 |   0.0 |      11 |       0 |   0.0
       D:10 |    1814 |    1311 |  42.0 |      12 |       3 |  20.0
     Lair:1 |    4242 |    2540 |  37.5 |      16 |       9 |  36.0
     Lair:2 |    2399 |    3040 |  55.9 |       8 |      11 |  57.9
    Ossuary |       0 |     479 | 100.0 |       0 |      33 | 100.0
            +---------+---------+-------+---------+---------+-------
